 Dungeon Crawl Stone Soup version 0.23.2-30-g0e89c35649 (webtiles) character file.

Game seed: 7319787214018044221

1857 Mrkan the Caller (level 9, -2/65 HPs)
             Began as a Gnoll Summoner on June 25, 2019.
             Slain by an ogre
             ... wielding a +0 giant spiked club
              (21 damage)
             ... on level 8 of the Dungeon.
             The game lasted 00:38:33 (8921 turns).

Mrkan the Caller (Gnoll Summoner)                   Turns: 8921, Time: 00:38:33

Health: -2/65      AC:  5    Str: 10    XL:     9   Next: 13%
Magic:  13/18      EV: 16    Int: 21    God:
Gold:   292        SH:  0    Dex: 16    Spells: 10/20 levels left

rFire    . . .     SeeInvis .   p - +2 spear (pierce)
rCold    . . .     Gourm    .   (no shield)
rNeg     + . .     Faith    .   t - +1 robe {rN+}
rPois    .         Spirit   .   B - +0 helmet
rElec    .         Reflect  .   (no cloak)
rCorr    .         Harm     .   u - +0 pair of gloves
MR       .....                  (no boots)
Stlth    ++++......             S - amulet of the acrobat
HPRegen  0.20/turn              D - ring of stealth
MPRegen  0.16/turn              (no ring)

@: no status effects
A: distributed training, fangs 1, strong nose
a: no special abilities


You were on level 8 of the Dungeon.
You were not hungry.

You visited 2 branches of the dungeon, and saw 9 of its levels.

You collected 292 gold pieces.

Inventory:

Hand Weapons
 h - a +2 flail of protection
 p - a +2 spear of piercing (weapon)
 C - a +0 hunting sling
 F - a +5 club
 I - a cursed -2 scythe
Missiles
 d - 26 poisoned needles
 m - 145 stones (quivered)
 n - 19 tomahawks
Armour
 t - a +1 robe of positive energy (worn)
 u - a +0 pair of gloves (worn)
 B - a +0 helmet (worn)
Jewellery
 k - an uncursed amulet of faith
 D - a ring of stealth (left hand)
 O - an uncursed ring of ice
 S - an amulet of the acrobat (around neck)
Wands
 r - a wand of acid (4)
 z - a wand of enslavement (9)
 L - a wand of flame (9)
 P - a wand of random effects (21)
Scrolls
 a - 3 scrolls of identify
 e - a scroll of noise
 g - 4 scrolls of teleportation
 l - a scroll of magic mapping {unknown}
 s - a scroll of fog
 v - a scroll of amnesia {unknown}
 y - a scroll of blinking {unknown}
 A - a scroll of immolation {unknown}
 J - 2 scrolls of remove curse {unknown}
 K - a scroll of enchant armour {unknown}
 M - a scroll of enchant weapon {unknown}
 N - a scroll of holy word {unknown}
Potions
 b - a potion of degeneration {unknown}
 f - 4 potions of curing
 i - a potion of invisibility {unknown}
 j - 2 potions of haste {unknown}
 o - 2 potions of resistance {unknown}
 q - 3 potions of magic {unknown}
 w - a potion of berserk rage {unknown}
 x - a potion of agility {unknown}
 E - a potion of flight {unknown}
 G - 2 potions of mutation {unknown}
 H - 2 potions of brilliance {unknown}
 Q - a potion of lignification {unknown}
Comestibles
 c - 8 rations


   Skills:
 + Level 3.8 Fighting
 + Level 3.8 Short Blades
 + Level 3.8 Long Blades
 + Level 3.8 Axes
 + Level 3.8 Maces & Flails
 + Level 3.8 Polearms
 + Level 3.8 Staves
 + Level 3.8 Slings
 + Level 3.8 Bows
 + Level 3.8 Crossbows
 + Level 3.8 Throwing
 + Level 3.8 Armour
 + Level 6.0 Dodging
 + Level 5.7 Stealth
 + Level 3.8 Shields
 + Level 3.8 Unarmed Combat
 + Level 6.4 Spellcasting
 + Level 3.1 Conjurations
 + Level 3.1 Hexes
 + Level 3.1 Charms
 + Level 7.8 Summonings
 + Level 3.1 Necromancy
 + Level 3.1 Translocations
 + Level 3.1 Transmutations
 + Level 3.1 Fire Magic
 + Level 3.1 Ice Magic
 + Level 3.1 Air Magic
 + Level 3.1 Earth Magic
 + Level 3.1 Poison Magic
 + Level 4.2 Invocations
 + Level 3.8 Evocations


You had 10 spell levels left.
You knew the following spells:

 Your Spells              Type           Power        Failure   Level  Hunger
a - Summon Small Mammal   Summ           ####         1%          1    None
b - Call Imp              Summ           #####...     1%          2    None
c - Conjure Flame         Conj/Fire      ###.....     8%          3    #......
d - Summon Lightning Spi  Summ/Air       ####....     10%         4    ###....

Your spell library contained the following spells:

 Spells                   Type           Power        Failure   Level  Hunger
 Call Canine Familiar     Summ           #####...     1%          3    #......
 Beastly Appendage        Tmut           ###...       2%          1    None
 Magic Dart               Conj           ###.         2%          1    None
 Blink                    Tloc           N/A          3%          2    None
 Slow                     Hex            ###.....     3%          2    None
 Sticks to Snakes         Tmut           ###.....     3%          2    None
 Summon Guardian Golem    Hex/Summ       ####....     3%          3    #......
 Mephitic Cloud           Conj/Pois/Air  ###.....     8%          3    #......
 Spider Form              Tmut/Pois      ###.......   8%          3    #......
 Summon Ice Beast         Ice/Summ       ####....     10%         4    ###....
 Ice Form                 Ice/Tmut       ###.....     26%         4    ###....
 Blade Hands              Tmut           ###.......   56%         5    #####..
 Haunt                    Necr/Summ      ####......   100%        7    #######
 Borgnjor's Revivificati  Necr           ###.......   100%        8    #######
 Death's Door             Chrm/Necr      ###.......   100%        8    #######
 Infestation              Necr           ###.......   100%        8    #######
 Necromutation            Tmut/Necr      ###.......   100%        8    #######


Dungeon Overview and Level Annotations

Branches:
Dungeon (8/15)             Temple (1/1) D:4
   Lair: D:8-11

Altars:
Cheibriados
Dithmenos
Elyvilon
Gozag
Hepliaklqana
Kikubaaqudgha
Nemelex Xobeh
Okawaru
Qazlal
Sif Muna
Trog
Uskayaw
Vehumet
Wu Jian
Xom
Zin
The Shining One

Shops:
D:5 (


Innate Abilities, Weirdness & Mutations

Your experience applies equally to all skills.
You have very sharp teeth.
Your uncanny sense of smell can sniff out nearby items.


Message History

The orc wizard misses your crimson imp.
You hit the bullfrog. Your bite misses the bullfrog.
The bullfrog is almost dead.
The bullfrog hits you.
The ogre hits you with a +0 giant spiked club!
* * * LOW HITPOINT WARNING * * *
The orc wizard hits your crimson imp with a +0 dagger of venom.
Your crimson imp is poisoned.
Your crimson imp hits the orc wizard but does no damage.
The orc wizard barely misses your crimson imp.
The bullfrog completely misses you.
You feel better.
The orc wizard gestures at you while chanting.
The magic dart hits your crimson imp.
The orc wizard hits your crimson imp but does no damage.
Your crimson imp looks even sicker.
Your crimson imp barely misses the orc wizard.
The bullfrog misses you.
The ogre hits you with a +0 giant spiked club!!
You die...

#..#.# #..#.##
#..... #....#
#
#....###.###..
#oo...<.......
#o5...##.###..
#O#o.## #
#@#O.###.#
#F#......#
#....#####
######


You could see an ogre, a bullfrog, 3 orc wizards and a friendly crimson imp.

Vanquished Creatures
  A hippogriff (D:7)
  Edmund (D:5)
  A sky beast (D:5)
  An ogre (D:6)
  2 centaurs
  A wight (D:6)
  2 crimson imps
  A hound (D:5)
  A centaur skeleton (D:7)
  An orc wizard (D:7)
  A howler monkey zombie (D:7)
  An adder (D:2)
  An ooze (D:1)
  A worm (D:5)
  A dart slug (D:1)
  A leopard gecko (D:5)
  8 orcs
  5 bats
  A giant cockroach (D:2)
  A jackal (D:1)
  A quokka (D:3)
  A ball python (D:4)
  6 frilled lizards
  3 goblins
  A kobold (D:2)
  2 rats (D:1)
47 creatures vanquished.

Vanquished Creatures (collateral kills)
  Pikel (D:7)
  Sigmund (D:5)
  2 slaves (D:7)
  2 orc warriors
  A phantom (D:7)
  An ice beast (D:6)
  An ogre (D:5)
  A centaur (D:6)
  A big kobold (D:7)
  A scorpion (D:4)
  4 wights
  A crimson imp (D:6)
  3 hounds
  4 orc priests
  A quasit (D:6)
  4 orc wizards
  3 iguanas
  2 worker ants
  A worker ant zombie (D:7)
  Robin (D:4)
  10 adders
  A shadow imp (D:6)
  An ooze (D:2)
  3 dart slugs
  5 worms (D:2)
  4 leopard geckos
  15 orcs
  3 ball pythons
  10 bats
  8 giant cockroaches
  7 hobgoblins
  5 jackals
  7 kobolds
  A quokka (D:4)
  3 frilled lizards (D:2)
  8 goblins
127 creatures vanquished.

Vanquished Creatures (others)
  A slave (D:7)
1 creature vanquished.

Grand Total: 175 creatures vanquished

Notes
Turn   | Place    | Note
-------+----------+-------------------------------------------
     0 | D:1      | Mrkan the Gnoll Summoner began the quest for the Orb.
     0 | D:1      | Reached XP level 1. HP: 13/13 MP: 6/6
   136 | D:1      | Reached XP level 2. HP: 18/19 MP: 5/7
   140 | D:1      | Learned a level 2 spell: Call Imp
   882 | D:2      | Reached XP level 3. HP: 25/25 MP: 3/9
   903 | D:2      | Reached skill level 5 in Spellcasting
  1274 | D:2      | Reached skill level 1 in Invocations
  1402 | D:2      | Reached skill level 1 in Fighting
  1402 | D:2      | Reached skill level 1 in Short Blades
  1402 | D:2      | Reached skill level 1 in Long Blades
  1402 | D:2      | Reached skill level 1 in Axes
  1402 | D:2      | Reached skill level 1 in Maces & Flails
  1402 | D:2      | Reached skill level 1 in Polearms
  1402 | D:2      | Reached skill level 1 in Staves
  1402 | D:2      | Reached skill level 1 in Slings
  1402 | D:2      | Reached skill level 1 in Bows
  1402 | D:2      | Reached skill level 1 in Crossbows
  1402 | D:2      | Reached skill level 1 in Throwing
  1402 | D:2      | Reached skill level 1 in Armour
  1402 | D:2      | Reached skill level 1 in Shields
  1402 | D:2      | Reached skill level 1 in Unarmed Combat
  1402 | D:2      | Reached skill level 1 in Evocations
  1402 | D:2      | Reached XP level 4. HP: 29/32 MP: 8/11
  1950 | D:3      | Reached skill level 1 in Conjurations
  1950 | D:3      | Reached skill level 1 in Hexes
  1950 | D:3      | Reached skill level 1 in Charms
  1950 | D:3      | Reached skill level 1 in Necromancy
  1950 | D:3      | Reached skill level 1 in Translocations
  1950 | D:3      | Reached skill level 1 in Transmutations
  1950 | D:3      | Reached skill level 1 in Fire Magic
  1950 | D:3      | Reached skill level 1 in Ice Magic
  1950 | D:3      | Reached skill level 1 in Air Magic
  1950 | D:3      | Reached skill level 1 in Earth Magic
  1950 | D:3      | Reached skill level 1 in Poison Magic
  2054 | D:3      | Reached XP level 5. HP: 37/37 MP: 12/12
  2623 | D:4      | Found a hide-covered altar of Uskayaw.
  2845 | D:4      | Noticed Robin
  2848 | D:4      | Found a white marble altar of Elyvilon.
  2859 | D:4      | Killed Robin
  3027 | D:4      | Found an ornate altar of the Wu Jian Council.
  3152 | D:4      | Found a staircase to the Ecumenical Temple.
  3160 | Temple   | Entered the Ecumenical Temple
  3538 | D:4      | Reached XP level 6. HP: 37/44 MP: 9/13
  3548 | D:4      | Learned a level 3 spell: Conjure Flame
  3553 | D:4      | Learned a level 4 spell: Summon Lightning Spire
  3812 | D:4      | Found a sparkling altar of Nemelex Xobeh.
  4129 | D:5      | Entered Level 5 of the Dungeon
  4152 | D:5      | Noticed Edmund
  4201 | D:5      | Killed Edmund
  4201 | D:5      | Reached skill level 5 in Dodging
  4894 | D:5      | Found Fiaseco's Antique Weapon Shop.
  4938 | D:5      | Noticed Sigmund
  4948 | D:5      | Killed Sigmund
  4948 | D:5      | Reached XP level 7. HP: 50/50 MP: 7/15
  5005 | D:5      | Found a shadowy altar of Dithmenos.
  5466 | D:6      | Reached skill level 5 in Stealth
  5896 | D:6      | Reached XP level 8. HP: 57/57 MP: 4/16
  6735 | D:7      | Noticed a hippogriff
  6814 | D:7      | Killed a hippogriff
  6947 | D:7      | Found a hazy altar of Hepliaklqana.
  6993 | D:7      | Noticed Pikel
  7046 | D:7      | Killed Pikel
  7387 | D:7      | Noticed a gargoyle
  7739 | D:7      | Found a bloodstained altar of Trog.
  7796 | D:7      | Reached XP level 9. HP: 52/65 MP: 5/18
  8921 | D:8      | Slain by an ogre

Skill      XL: |  1  2  3  4  5  6  7  8  9 |
---------------+----------------------------+-----
Spellcasting   | 5 6 |  6.4
Invocations    | 1 2 3 4 |  4.2
Fighting       | 1 2 3 |  3.8
Short Blades   | 1 2 3 |  3.8
Long Blades    | 1 2 3 |  3.8
Axes           | 1 2 3 |  3.8
Maces & Flails | 1 2 3 |  3.8
Polearms       | 1 2 3 |  3.8
Staves         | 1 2 3 |  3.8
Slings         | 1 2 3 |  3.8
Bows           | 1 2 3 |  3.8
Crossbows      | 1 2 3 |  3.8
Throwing       | 1 2 3 |  3.8
Armour         | 1 2 3 |  3.8
Shields        | 1 2 3 |  3.8
Unarmed Combat | 1 2 3 |  3.8
Evocations     | 1 2 3 |  3.8
Conjurations   | 1 2 3 |  3.1
Hexes          | 1 2 3 |  3.1
Charms         | 1 2 3 |  3.1
Necromancy     | 1 2 3 |  3.1
Translocations | 1 2 3 |  3.1
Transmutations | 1 2 3 |  3.1
Fire Magic     | 1 2 3 |  3.1
Ice Magic      | 1 2 3 |  3.1
Air Magic      | 1 2 3 |  3.1
Earth Magic    | 1 2 3 |  3.1
Poison Magic   | 1 2 3 |  3.1
Dodging        | 5 6 |  6.0
Stealth        | 5 |  5.7
Summonings     | |  7.8

Action                   |  1- 3 |  4- 6 |  7- 9 || total
-------------------------+-------+-------+-------++-------
Melee: Unarmed           |    81 |    64 |       ||   145
       Bite              |     7 |    12 |    10 ||    29
       Punch             |     2 |     1 |     1 ||     4
       Spear             |       |    21 |   124 ||   145
       Hunting sling     |       |    11 |       ||    11
 Fire: Hunting sling     |       |    21 |       ||    21
 Cast: Summon Small Mamm |     7 |       |       ||     7
       Call Imp          |    25 |    54 |    47 ||   126
       Summon Lightning  |       |     4 |    29 ||    33
       Conjure Flame     |       |     2 |    19 ||    21
  Use: Scroll            |       |     6 |     2 ||     8
       Potion            |       |       |     3 ||     3
 Stab: Distracted        |     1 |       |     1 ||     2
       Sleeping          |       |     2 |     3 ||     5
  Eat: Chunk             |     2 |     8 |     2 ||    12
       Ration            |       |     1 |     5 ||     6
Armor: Robe              |     6 |    32 |    39 ||    77
       Leather armour    |    22 |     3 |       ||    25
Dodge: Dodged            |   118 |   145 |   173 ||   436
